[Event "FIDE WYCC Open U18 2023"]
[Site "Montesilvano"]
[Date "2023.11.18"]
[Round "6.13"]
[White "Elmi, Saad Abobaker"]
[Black "Chen, Hongsen"]
[Result "1/2-1/2"]
[ECO "C50"]
[WhiteElo "2321"]
[BlackElo "2061"]
[Annotator "RC"]
[PlyCount "99"]
[EventDate "2023.11.13"]
[EventType "swiss"]
[EventCountry "ITA"]
[SourceTitle "playchess.com"]
[Source "ChessBase"]
[SourceQuality "1"]
[TimeControl "40/5400+30:1800+30"]

1. e4 e5 2. Nf3 Nc6 3. Bc4 Bc5 4. d3 Nf6 5. a4 a5 6. Nc3 h6 7. Be3 b6 8. Nd5 O-O 9. O-O d6 10. c3 Bxe3 11. fxe3 Nxd5 12. Bxd5 Qe8 13. Nh4 Be6 14. Nf5 Kh7 15. d4 Bxd5 16. exd5 Ne7 17. dxe5 Nxf5 18. Rxf5 g6 19. Rf6 Qxe5 20. Qf3 Rae8 21. Rxf7+ Rxf7 22. Qxf7+ Kh8 23. Re1 Qe4 24. Qxc7 Re5 25. Qxd6 Rg5 26. Qf8+ Kh7 27. Qf7+ Kh8 28. Qf6+ Kh7 29. Qf2 Rf5 30. Qe2 Rxd5 31. c4 Rd3 32. Qc2 h5 33. h3 h4 34. b3 Kh6 35. Kh1 Kg5 36. c5 bxc5 37. Qxc5+ Kh6 38. Qf8+ Kg5 39. Rc1 Qe5 40. Qf3 Qf5 41. Qe2 Rxb3 42. e4 Qf4 43. Rf1 Rb2 44. Qa6 Qe5 45. Qc4 Rxg2 46. Qc1+ Kh5 47. Qd1+ Kh6 48. Kxg2 Qg3+ 49. Kh1 Qxh3+ 50. Kg1 1/2-1/2

[Event "FIDE WYCC Open U18 2023"]
[Site "Montesilvano"]
[Date "2023.11.18"]
[Round "6.14"]
[White "Prraneeth Vuppala"]
[Black "Mierins, Emils Janis"]
[Result "*"]
[ECO "E16"]
[WhiteElo "2512"]
[BlackElo "2208"]
[Annotator "RC"]
[PlyCount "77"]
[EventDate "2023.11.13"]
[EventType "swiss"]
[EventCountry "ITA"]
[SourceTitle "playchess.com"]
[Source "ChessBase"]
[SourceQuality "1"]
[TimeControl "40/5400+30:1800+30"]

1. d4 Nf6 2. Nf3 e6 3. c4 b6 4. g3 Bb7 5. Bg2 Bb4+ 6. Bd2 a5 7. O-O O-O 8. Bf4 Be7 9. Nc3 Ne4 10. Qd3 Nxc3 11. bxc3 f5 12. Ne1 Bxg2 13. Nxg2 g5 14. Bd2 Qe8 15. f4 g4 16. e4 Qf7 17. Rfe1 Nc6 18. a4 Rad8 19. Rab1 h5 20. Ne3 Na7 21. exf5 exf5 22. Nxf5 Qxf5 23. Qxf5 Rxf5 24. Rxe7 Nc6 25. Re4 d5 26. Re6 Nb8 27. cxd5 Rfxd5 28. Rbe1 c5 29. Be3 Kf7 30. Rxb6 Re8 31. Bf2 Rxe1+ 32. Bxe1 Nd7 33. Rb5 Ke6 34. Rxa5 Rd6 35. Bf2 Rb6 36. Rb5 Rxb5 37. axb5 c4 38. d5+ Kxd5 39. b6 *

[Event "FIDE WYCC Open U18 2023"]
[Site "Montesilvano"]
[Date "2023.11.18"]
[Round "6.15"]
[White "Razafindratsima, Timothe"]
[Black "Harshad S"]
[Result "*"]
[ECO "B95"]
[WhiteElo "2462"]
[BlackElo "2263"]
[Annotator "RC"]
[PlyCount "48"]
[EventDate "2023.11.13"]
[EventType "swiss"]
[EventCountry "ITA"]
[SourceTitle "playchess.com"]
[Source "ChessBase"]
[SourceQuality "1"]
[TimeControl "40/5400+30:1800+30"]

1. e4 c5 2. Nf3 d6 3. d4 cxd4 4. Nxd4 Nf6 5. Nc3 a6 6. Bg5 e6 7. Qf3 Be7 8. O-O-O Qc7 9. g4 Nbd7 10. Bd2 Ne5 11. Qg2 Nc6 12. Nxc6 Qxc6 13. f4 Nd7 14. h4 b5 15. a3 Bb7 16. Rh3 O-O-O 17. Be3 Nc5 18. Bg1 Nxe4 19. Nxe4 Qxe4 20. Qf2 Kd7 21. Re3 Qc6 22. f5 Rc8 23. g5 Rhe8 24. Bh3 Bf8 *

[Event "FIDE WYCC Open U18 2023"]
[Site "Montesilvano"]
[Date "2023.11.18"]
[Round "6.16"]
[White "Kostolansky, Sebastian Lukas"]
[Black "Liu, Casper"]
[Result "1/2-1/2"]
[ECO "B31"]
[WhiteElo "2427"]
[BlackElo "2260"]
[Annotator "RC"]
[PlyCount "62"]
[EventDate "2023.11.13"]
[EventType "swiss"]
[EventCountry "ITA"]
[SourceTitle "playchess.com"]
[Source "ChessBase"]
[SourceQuality "1"]
[TimeControl "40/5400+30:1800+30"]

1. e4 c5 2. Nf3 Nc6 3. Bb5 g6 4. O-O Bg7 5. c3 Nf6 6. Re1 O-O 7. d4 d5 8. e5 Ne4 9. Be3 cxd4 10. cxd4 Qb6 11. Bxc6 Qxc6 12. Nfd2 Be6 13. Nb3 f5 14. f3 f4 15. Bc1 Rad8 16. Qe2 a5 17. Nxa5 Qb6 18. Nb3 Bxe5 19. fxe4 Bxd4+ 20. Nxd4 Qxd4+ 21. Qf2 dxe4 22. Qxd4 Rxd4 23. Nc3 e3 24. Bxe3 fxe3 25. Rxe3 Rd2 26. Rxe6 Rff2 27. Ne4 Rxg2+ 28. Kf1 Rxb2 29. Rxe7 Rxh2 30. Kg1 Rbg2+ 31. Kf1 Rb2 1/2-1/2

[Event "FIDE WYCC Open U18 2023"]
[Site "Montesilvano"]
[Date "2023.11.18"]
[Round "6.17"]
[White "Krivenko, Dion"]
[Black "Davtyan, Arsen"]
[Result "1/2-1/2"]
[ECO "C45"]
[WhiteElo "2218"]
[BlackElo "2406"]
[Annotator "RC"]
[PlyCount "291"]
[EventDate "2023.11.13"]
[EventType "swiss"]
[EventCountry "ITA"]
[SourceTitle "playchess.com"]
[Source "ChessBase"]
[SourceQuality "1"]
[TimeControl "40/5400+30:1800+30"]

1. e4 e5 2. Nf3 Nc6 3. Ng1 Nb8 4. Nf3 Nc6 5. d4 exd4 6. Nxd4 Bc5 7. Nb3 Bb6 8. Nc3 Nf6 9. Nb1 Ng8 10. Nc3 Nf6 11. Nb1 Ng8 12. Nc3 Nf6 13. Nb1 Ng8 14. Nc3 Nf6 15. Bg5 h6 16. Bh4 d6 17. Qe2 O-O 18. O-O-O Be6 19. f3 a5 20. a4 Re8 21. Kb1 Qe7 22. Bf2 Bxf2 23. Qxf2 Nb4 24. g4 Bxb3 25. cxb3 c6 26. h4 Qe6 27. g5 Nh5 28. Bh3 Qxb3 29. gxh6 g6 30. Bg4 Nf4 31. Bh3 Nh5 32. Bg4 Nf4 33. h5 Kh7 34. hxg6+ fxg6 35. Qd4 Re7 36. Qf2 Ree8 37. Qd4 Re7 38. Rde1 Ree8 39. Rd1 Re7 40. Qxd6 Rf7 41. Rd2 b5 42. Bf5 gxf5 43. Qxf4 bxa4 44. Rg1 a3 45. Rg7+ Rxg7 46. hxg7 a2+ 47. Ka1 Nc2+ 48. Rxc2 Qxc2 49. Qxf5+ Kxg7 50. Qd7+ Kg8 51. Qf5 Kg7 52. Qd7+ Kg8 53. Qf5 Kg7 54. Qd7+ Kg8 55. Qxc6 Rd8 56. Qd7 Ra8 57. Qc6 Rd8 58. Qg6+ Kf8 59. Qf6+ Ke8 60. Qf5 Ke7 61. Qf6+ Ke8 62. Qh8+ Ke7 63. Qf6+ Ke8 64. Qh8+ Ke7 65. Qe5+ Kf8 66. Qc5+ Kg8 67. Qc6 Kf8 68. Qf6+ Ke8 69. Qh8+ Ke7 70. Qe5+ Kf8 71. Qc5+ Ke8 72. Qc6+ Kf8 73. Qf6+ Ke8 74. Qh8+ Ke7 75. Qe5+ Kf8 76. Qc5+ Ke8 77. Qf5 Ke7 78. Qe5+ Kf8 79. Qc5+ Ke8 80. Kxa2 Rd2 81. Qb5+ Ke7 82. Qc5+ Ke8 83. Qb5+ Kf8 84. Qc5+ Ke8 85. Qb5+ Kf8 86. Qc5+ Ke8 87. Qb5+ Kf8 88. Qc5+ Ke8 89. Qb5+ Kf8 90. Qc5+ Ke8 91. Qb5+ Kf8 92. Qc5+ Ke8 93. Qb5+ Kf8 94. Nd5 Rf2 95. Nc3 Rd2 96. Nd5 Rf2 97. Qb8+ Kg7 98. Qb5 Kf8 99. Qb8+ Kg7 100. Qe5+ Kh7 101. Qb8 Kg7 102. Qe5+ Kh7 103. Qb8 Kg7 104. Qe5+ Kh7 105. Qh5+ Kg7 106. Qe5+ Kh7 107. Qh5+ Kg7 108. Qg5+ Kh8 109. Qe5+ Kh7 110. Qh5+ Kg7 111. Qg5+ Kh8 112. Qe5+ Kh7 113. Qh5+ Kg7 114. Qe5+ Kh7 115. Qb8 Kg7 116. Qe5+ Kh7 117. Qh5+ Kg7 118. Qg5+ Kh8 119. Qe5+ Kh7 120. Qh5+ Kg7 121. Qe5+ Kh7 122. Qe7+ Kh8 123. Qh4+ Kg7 124. Qg5+ Kh8 125. Qe5+ Kh7 126. Qh5+ Kg7 127. Qg5+ Kh8 128. Qe5+ Kh7 129. Qh5+ Kg7 130. Qe5+ Kh7 131. Qe7+ Kh8 132. Qh4+ Kg7 133. Qg5+ Kh8 134. Qh6+ Kg8 135. Qg6+ Kh8 136. Qh6+ Kg8 137. Qg6+ Kh8 138. Qh5+ Kg7 139. Qe5+ Kh7 140. Qe7+ Kh8 141. Qh4+ Kg7 142. Qg5+ Kh8 143. Qh6+ Kg8 144. Qg6+ Kh8 145. Qh6+ Kg8 146. Qg6+ 1/2-1/2

[Event "FIDE WYCC Open U18 2023"]
[Site "Montesilvano"]
[Date "2023.11.18"]
[Round "6.18"]
[White "Colbow, Collin"]
[Black "Silva, Pedro Gil Ferreira D"]
[Result "*"]
[ECO "B72"]
[WhiteElo "2403"]
[BlackElo "2203"]
[Annotator "RC"]
[PlyCount "129"]
[EventDate "2023.11.13"]
[EventType "swiss"]
[EventCountry "ITA"]
[SourceTitle "playchess.com"]
[Source "ChessBase"]
[SourceQuality "1"]
[TimeControl "40/5400+30:1800+30"]

1. e4 c5 2. Nf3 d6 3. d4 cxd4 4. Nxd4 Nf6 5. Nc3 a6 6. Bd3 g6 7. f3 Bg7 8. Be3 h5 9. Qd2 Nbd7 10. Qd1 Nb8 11. Qd2 Nbd7 12. O-O-O b5 13. f4 Bb7 14. e5 dxe5 15. Ne6 fxe6 16. Bxg6+ Kf8 17. Bd3 Ke8 18. Bg6+ Kf8 19. fxe5 Qc7 20. exf6 Nxf6 21. Ne2 Bd5 22. Kb1 Bb7 23. Kc1 Bd5 24. Kb1 Bb7 25. Kc1 Bd5 26. Kb1 Bb7 27. Kc1 Bd5 28. Kb1 Rd8 29. Kc1 Ra8 30. Kb1 Rd8 31. Nf4 Ra8 32. Ne2 Rd8 33. Nf4 Ra8 34. Ne2 Rd8 35. Nf4 Ra8 36. Ne2 Rd8 37. Nf4 Qd6 38. Ne2 Qc7 39. Nf4 Qd6 40. Ne2 Qc7 41. Nf4 Qd6 42. Ne2 Qc7 43. Nf4 Qd6 44. Qf2 Qc7 45. Qd2 Qd6 46. Qf2 Qc7 47. Qd2 Qd6 48. Qf2 Qc7 49. Qd2 Qd6 50. Qf2 Qc7 51. Qd2 Qd6 52. Qf2 Qc7 53. Qd2 Qd6 54. Qf2 Kg8 55. Qd2 Kf8 56. Qf2 Kg8 57. Qd2 Kf8 58. Qf2 Kg8 59. Qd2 Kf8 60. Qf2 Kg8 61. Qd2 Kf8 62. Qf2 Kg8 63. Nxd5 exd5 64. Rhe1 e5 65. Qf5 *

[Event "FIDE WYCC Open U18 2023"]
[Site "Montesilvano"]
[Date "2023.11.18"]
[Round "6.19"]
[White "Domalchuk-Jonasson, Aleksandr"]
[Black "Unneland, Mathias"]
[Result "1/2-1/2"]
[ECO "E53"]
[WhiteElo "2403"]
[BlackElo "2197"]
[Annotator "RC"]
[PlyCount "133"]
[EventDate "2023.11.13"]
[EventType "swiss"]
[EventCountry "ITA"]
[SourceTitle "playchess.com"]
[Source "ChessBase"]
[SourceQuality "1"]
[TimeControl "40/5400+30:1800+30"]

1. d4 Nf6 2. c4 e6 3. Nc3 Bb4 4. e3 O-O 5. Bd3 d5 6. a3 Bxc3+ 7. bxc3 dxc4 8. Bxc4 c5 9. Nf3 b6 10. Bb2 Qc7 11. Be2 Nbd7 12. O-O Bb7 13. Nd2 e5 14. Qb3 Rac8 15. Rac1 Ra8 16. Ra1 Rac8 17. Rac1 Qd6 18. a4 exd4 19. cxd4 cxd4 20. Bxd4 Rxc1 21. Rxc1 Rc8 22. Rf1 Rf8 23. Rc1 Rc8 24. Rf1 Rf8 25. Rc1 Rc8 26. Rxc8+ Bxc8 27. Bc4 Qe7 28. e4 Bb7 29. Qg3 Bxe4 30. Bxf6 Nxf6 31. Qb8+ Qf8 32. Qxa7 Bc6 33. h3 Qe8 34. Nf3 Qf8 35. Nd2 Qe8 36. Nf3 Qf8 37. Nd2 Qe8 38. Nf3 Bd5 39. Bb5 Qd8 40. Qb8 Qe8 41. Qa7 Qd8 42. Qb8 Qe8 43. Qa7 Qd8 44. Ne5 g6 45. Nc4 Bxc4 46. Bxc4 Qd1+ 47. Kh2 Qd8 48. Kg1 Qd1+ 49. Kh2 Nd7 50. g3 Qd4 51. Qb7 Qd1 52. Kg2 Nf6 53. Kh2 Qd8 54. Qa7 Qd6 55. Qb7 Nd7 56. Kg2 Qd4 57. Qxd7 Qxc4 58. Kg1 Qe2 59. Kg2 Qe4+ 60. Kh2 Kg7 61. h4 h5 62. Qb5 Kg8 63. Kg1 Kg7 64. Kh2 Kg8 65. Kg1 Kg7 66. Kh2 Kg8 67. Kg1 1/2-1/2

[Event "FIDE WYCC Open U18 2023"]
[Site "Montesilvano"]
[Date "2023.11.18"]
[Round "6.20"]
[White "Talibov, Shiroghlan"]
[Black "Khoder, Akram"]
[Result "*"]
[ECO "B31"]
[WhiteElo "2362"]
[BlackElo "2191"]
[Annotator "ChessBase"]
[PlyCount "92"]
[EventDate "2023.11.13"]
[EventType "swiss"]
[EventCountry "ITA"]
[SourceTitle "playchess.com"]
[Source "ChessBase"]
[SourceQuality "1"]
[TimeControl "40/5400+30:1800+30"]

1. e4 c5 2. Nf3 Nc6 3. Bb5 g6 4. Bxc6 dxc6 5. O-O Bg7 6. h3 Qc7 7. d3 e5 8. Be3 b6 9. a4 a5 10. Nfd2 Be6 11. f4 Ne7 12. Nc3 exf4 13. Bxf4 Qd8 14. Nf3 h6 15. Qe1 g5 16. Be3 Ra7 17. Bf4 Ra8 18. Be3 Ra7 19. Rd1 Rd7 20. Qg3 Ng6 21. Qf2 Ne7 22. Qg3 Ng6 23. Qf2 Ne7 24. Qg3 Ng6 25. Qf2 Ne7 26. Qg3 Ng6 27. Qf2 O-O 28. d4 Bc4 29. Rfe1 Re8 30. Rd2 b5 31. axb5 cxb5 32. b3 cxd4 33. Bxd4 b4 34. Na4 Nh4 35. Nc3 Ng6 36. Na4 Nh4 37. Nc3 Ng6 38. Na4 Nh4 39. Red1 Nxf3+ 40. gxf3 Be2 41. Qxe2 Rxd4 42. Kg2 Rxd2 43. Rxd2 Qb8 44. Rd1 Qd8 45. Rd2 Qb8 46. Rd5 Rc8 *

[Event "FIDE WYCC Open U18 2023"]
[Site "Montesilvano"]
[Date "2023.11.18"]
[Round "6.21"]
[White "Paduano, Claudio"]
[Black "Krallis, Christos"]
[Result "*"]
[ECO "A65"]
[WhiteElo "2188"]
[BlackElo "2339"]
[Annotator "RC"]
[PlyCount "35"]
[EventDate "2023.11.13"]
[EventType "swiss"]
[EventCountry "ITA"]
[SourceTitle "playchess.com"]
[Source "ChessBase"]
[SourceQuality "1"]
[TimeControl "40/5400+30:1800+30"]

1. d4 Nf6 2. c4 g6 3. f3 Bg7 4. e4 d6 5. Nc3 O-O 6. Be3 c5 7. Nge2 Nc6 8. d5 Ne5 9. Ng3 e6 10. Be2 exd5 11. cxd5 b5 12. Nxb5 Rb8 13. Qd2 h5 14. O-O h4 15. Nh1 h3 16. g3 Nxf3+ 17. Rxf3 Nxe4 18. Qc2 *

[Event "FIDE WYCC Open U18 2023"]
[Site "Montesilvano"]
[Date "2023.11.18"]
[Round "6.22"]
[White "Baranciuc, Alexandr"]
[Black "Ang, Ern Jie Anderson"]
[Result "1/2-1/2"]
[ECO "D00"]
[WhiteElo "2338"]
[BlackElo "2103"]
[Annotator "RC"]
[PlyCount "119"]
[EventDate "2023.11.13"]
[EventType "swiss"]
[EventCountry "ITA"]
[SourceTitle "playchess.com"]
[Source "ChessBase"]
[SourceQuality "1"]
[TimeControl "40/5400+30:1800+30"]

1. d4 d5 2. Nc3 Nf6 3. Bf4 c5 4. e4 Nxe4 5. Nxe4 dxe4 6. dxc5 Qxd1+ 7. Rxd1 Nc6 8. f3 e5 9. Be3 exf3 10. Nxf3 Be6 11. Bb5 f6 12. Nd2 Be7 13. Ne4 O-O 14. a3 Rfd8 15. Kf2 Nd4 16. Bxd4 exd4 17. b4 a5 18. Rhe1 Kf7 19. Rd2 axb4 20. axb4 f5 21. Rde2 fxe4 22. Rxe4 Bg5 23. Rxe6 Be3+ 24. R6xe3 dxe3+ 25. Kxe3 Ra3+ 26. Ke4 Rd2 27. Re2 Rxe2+ 28. Bxe2 Ke7 29. Kd4 Kd7 30. b5 Ra2 31. Bd3 h6 32. Kd5 Ra1 33. Bf5+ Kd8 34. c6 Kc7 35. cxb7 Kxb7 36. c4 Kb6 37. Bg4 Ra2 38. Bf3 Rd2+ 39. Ke6 Kc5 40. Kf7 Rd7+ 41. Ke6 Rd6+ 42. Ke7 Rf6 43. Bd5 Rf4 44. Kd7 Rf6 45. Ke7 Rf4 46. g3 Rf2 47. h4 g5 48. h5 g4 49. Be6 Rg2 50. Bxg4 Kxc4 51. b6 Rb2 52. Kf6 Rxb6+ 53. Kg7 Kd4 54. Bf5 Ke3 55. Bg6 Kf3 56. Kxh6 Kxg3 57. Kg7 Rb2 58. h6 Rh2 59. h7 Rxh7+ 60. Kxh7 1/2-1/2

[Event "FIDE WYCC Open U18 2023"]
[Site "Montesilvano"]
[Date "2023.11.18"]
[Round "6.23"]
[White "Briem, Benedikt"]
[Black "Marakovits, Nico"]
[Result "*"]
[ECO "E04"]
[WhiteElo "2149"]
[BlackElo "2324"]
[Annotator "RC"]
[PlyCount "57"]
[EventDate "2023.11.13"]
[EventType "swiss"]
[EventCountry "ITA"]
[SourceTitle "playchess.com"]
[Source "ChessBase"]
[SourceQuality "1"]
[TimeControl "40/5400+30:1800+30"]

1. d4 Nf6 2. c4 e6 3. g3 d5 4. Bg2 dxc4 5. Nf3 c6 6. O-O b5 7. Ne5 Bb7 8. a4 a6 9. b3 cxb3 10. Bb2 Be7 11. Qxb3 Qb6 12. Rc1 O-O 13. Nd2 Nd5 14. h4 bxa4 15. Rxa4 Qxb3 16. Nxb3 f6 17. Nd3 Nd7 18. Na5 N7b6 19. Raa1 Rfb8 20. Ba3 Bxa3 21. Rxa3 Bc8 22. Nxc6 Rb7 23. e4 Ne7 24. Rb3 Nxc6 25. Rxc6 Rab8 26. Nc5 Bd7 27. Rd6 Ba4 28. Nxb7 Nc4 29. Rdb6 *

[Event "FIDE WYCC Open U18 2023"]
[Site "Montesilvano"]
[Date "2023.11.18"]
[Round "6.24"]
[White "Schouten, Mathias Lind"]
[Black "Melian, Juan Sebastian"]
[Result "1-0"]
[ECO "D27"]
[WhiteElo "2175"]
[BlackElo "2291"]
[Annotator "RC"]
[PlyCount "147"]
[EventDate "2023.11.13"]
[EventType "swiss"]
[EventCountry "ITA"]
[SourceTitle "playchess.com"]
[Source "ChessBase"]
[SourceQuality "1"]
[TimeControl "40/5400+30:1800+30"]

1. d4 d5 2. c4 dxc4 3. e3 Nf6 4. Bxc4 e6 5. Nf3 a6 6. O-O b5 7. Be2 Bb7 8. a3 c5 9. dxc5 Bxc5 10. Qxd8+ Kxd8 11. b4 Bd6 12. Bb2 Nbd7 13. Nbd2 Ke7 14. Rac1 Rac8 15. Nb3 Rxc1 16. Rxc1 Rc8 17. Rxc8 Bxc8 18. Nfd2 Bb7 19. f3 Nd5 20. Bd4 e5 21. Ba7 f5 22. Bd3 g6 23. e4 Nf4 24. Bc2 Kf6 25. Kf2 Ne6 26. Nf1 f4 27. Ke2 g5 28. Nfd2 h5 29. Nb1 Bc7 30. Bf2 Bb6 31. Bd3 Ke7 32. Nc3 Kd6 33. Bxb6 Nxb6 34. Kd2 Nd4 35. Na5 Bc8 36. Ne2 g4 37. Nxd4 exd4 38. Be2 Bd7 39. Nb3 gxf3 40. gxf3 Ke5 41. Nc5 Kd6 42. Kd3 Ke5 43. Kc2 Kd6 44. Nxa6 Na4 45. Kd3 Bc8 46. Nb8 Nc3 47. Bf1 Nb1 48. Kxd4 Nxa3 49. e5+ Kc7 50. e6 Kxb8 51. Ke5 Kc7 52. Bh3 Nc2 53. Kxf4 Nxb4 54. Bf1 Kb6 55. Ke5 Kc5 56. f4 Nc6+ 57. Kf6 Nd4 58. Bh3 Bb7 59. e7 Bc6 60. Kf7 b4 61. Bg2 Nf5 62. Bxc6 Nd6+ 63. Ke6 Kxc6 64. f5 Ne8 65. f6 Nc7+ 66. Kf7 Kd7 67. Kg8 Nd5 68. e8=Q+ Kxe8 69. f7+ Kd7 70. f8=Q Kc6 71. Kf7 Kb5 72. Ke6 Nc3 73. Ke5 Kc4 74. Qf7+ 1-0

[Event "FIDE WYCC Open U18 2023"]
[Site "Montesilvano"]
[Date "2023.11.18"]
[Round "6.25"]
[White "Stepanencu, Nicodim-Cosmin"]
[Black "Nikolov, Yavor"]
[Result "1-0"]
[ECO "D42"]
[WhiteElo "2289"]
[BlackElo "2067"]
[Annotator "RC"]
[PlyCount "167"]
[EventDate "2023.11.13"]
[EventType "swiss"]
[EventCountry "ITA"]
[SourceTitle "playchess.com"]
[Source "ChessBase"]
[SourceQuality "1"]
[TimeControl "40/5400+30:1800+30"]

1. d4 Nf6 2. c4 e6 3. Nc3 d5 4. cxd5 Nxd5 5. e3 c5 6. Bd3 Nc6 7. Nf3 Be7 8. O-O O-O 9. a3 a6 10. Qc2 h6 11. dxc5 Nxc3 12. Qxc3 Qd5 13. Bc2 Rd8 14. Nd4 Qxc5 15. Qxc5 Bxc5 16. Nxc6 bxc6 17. b4 Bd6 18. Be4 Bb7 19. Ra2 f5 20. Bf3 e5 21. Bd2 e4 22. Be2 c5 23. bxc5 Bxc5 24. Ba5 Re8 25. g3 Re7 26. Rc1 Bd6 27. Rd1 Be5 28. Rc2 Kh7 29. Bb4 Rf7 30. Rc5 Re8 31. Bc4 Rf6 32. Rxe5 Rxe5 33. Bc3 Re7 34. Bxf6 gxf6 35. Rd6 Rc7 36. Bxa6 Bxa6 37. Rxa6 Kg6 38. Kg2 Rc1 39. a4 Ra1 40. a5 Kg7 41. Ra7+ Kg6 42. a6 Ra2 43. Ra8 Ra1 44. a7 Kg7 45. Kh3 Ra5 46. Kh4 Ra2 47. Kh5 Ra5 48. h3 Ra2 49. g4 Ra5 50. gxf5 Rxf5+ 51. Kg4 Ra5 52. Kf4 f5 53. h4 Kh7 54. Rf8 Rxa7 55. Rxf5 Ra4 56. Ke5 Ra5+ 57. Kxe4 Ra4+ 58. Ke5 Rxh4 59. e4 Kg6 60. f4 Rh1 61. Rf6+ Kg7 62. Rd6 h5 63. f5 h4 64. Rg6+ Kf7 65. Rh6 h3 66. Rh7+ Kg8 67. Rh4 Kf7 68. Kf4 Kf6 69. Kg3 Kg5 70. Rxh3 Ra1 71. Rh8 Ra3+ 72. Kf2 Kf4 73. Re8 Ra2+ 74. Ke1 Ke3 75. Kd1 Kd3 76. Kc1 Kc3 77. Rc8+ Kd4 78. Re8 Kc3 79. Kb1 Rf2 80. Re6 Rb2+ 81. Ka1 Re2 82. e5 Kb3 83. Rb6+ Ka3 84. e6 1-0

[Event "FIDE WYCC Open U18 2023"]
[Site "Montesilvano"]
[Date "2023.11.18"]
[Round "6.26"]
[White "Wang, Ruicheng"]
[Black "Chyzy, Jakub"]
[Result "0-1"]
[ECO "B13"]
[WhiteElo "2034"]
[BlackElo "2286"]
[Annotator "RC"]
[PlyCount "40"]
[EventDate "2023.11.13"]
[EventType "swiss"]
[EventCountry "ITA"]
[SourceTitle "playchess.com"]
[Source "ChessBase"]
[SourceQuality "1"]
[TimeControl "40/5400+30:1800+30"]

1. e4 c6 2. d4 d5 3. exd5 cxd5 4. Nf3 Nc6 5. Bb5 Bg4 6. h3 Bxf3 7. Qxf3 e6 8. c3 Nf6 9. O-O h6 10. Nd2 Bd6 11. Re1 O-O 12. Nf1 Ne4 13. Bd3 f5 14. Ng3 Qh4 15. Ne2 g5 16. Bxe4 fxe4 17. Qe3 Ne7 18. Ng3 Rxf2 19. Nxe4 dxe4 20. Qxf2 Bh2+ 0-1

[Event "FIDE WYCC Open U18 2023"]
[Site "Montesilvano"]
[Date "2023.11.18"]
[Round "6.27"]
[White "Tadic, Stefan"]
[Black "Gagic, Milan A"]
[Result "*"]
[ECO "D02"]
[WhiteElo "2407"]
[BlackElo "2164"]
[Annotator "RC"]
[PlyCount "68"]
[EventDate "2023.11.13"]
[EventType "swiss"]
[EventCountry "ITA"]
[SourceTitle "playchess.com"]
[Source "ChessBase"]
[SourceQuality "1"]
[TimeControl "40/5400+30:1800+30"]

1. d4 Nf6 2. Nf3 e6 3. Bf4 d5 4. e3 Bd6 5. Nbd2 c5 6. dxc5 Bxf4 7. exf4 Qc7 8. g3 Qxc5 9. Bd3 O-O 10. O-O Qc7 11. c3 Nbd7 12. Nb3 Nc5 13. Nxc5 Qxc5 14. Nd4 Bd7 15. Qe2 Rfe8 16. Rfe1 a6 17. a4 Rab8 18. a5 Bc6 19. h4 h6 20. Kg2 Nd7 21. Bc2 Bb5 22. Qe3 Nf6 23. Nxb5 Qxe3 24. Rxe3 axb5 25. Bd3 d4 26. cxd4 Red8 27. Bxb5 Rxd4 28. Ra4 Rd1 29. Rb3 Rc8 30. Bd3 Rd2 31. Rd4 g6 32. Kf3 Rc7 33. h5 Nxh5 34. Rdb4 Rd7 *

[Event "FIDE WYCC Open U18 2023"]
[Site "Montesilvano"]
[Date "2023.11.18"]
[Round "6.28"]
[White "Qalichava, Akaki"]
[Black "Novosel, Lovro"]
[Result "*"]
[ECO "B96"]
[WhiteElo "2141"]
[BlackElo "2375"]
[Annotator "ChessBase"]
[PlyCount "73"]
[EventDate "2023.11.13"]
[EventType "swiss"]
[EventCountry "ITA"]
[SourceTitle "playchess.com"]
[Source "ChessBase"]
[SourceQuality "1"]
[TimeControl "40/5400+30:1800+30"]

1. e4 c5 2. Nf3 d6 3. d4 cxd4 4. Nxd4 Nf6 5. Nc3 a6 6. Bg5 Nbd7 7. Qe2 Qc7 8. O-O-O e6 9. f4 b5 10. a3 Be7 11. g4 h6 12. Bh4 Rb8 13. Bg3 b4 14. axb4 Rxb4 15. Bg2 Nc5 16. e5 dxe5 17. fxe5 Nfd7 18. Nc6 Bg5+ 19. Kb1 Rb6 20. h4 Be7 21. Nxe7 Kxe7 22. Rd6 Bb7 23. Rf1 Bxg2 24. Qxg2 Rhb8 25. Rxb6 Qxb6 26. Nd1 Na4 27. b3 Nac5 28. Bf2 a5 29. Nb2 Qb4 30. Bxc5+ Qxc5 31. Nd3 Qc3 32. Qe4 Rb5 33. Qf4 f6 34. exf6+ gxf6 35. Qe4 Nf8 36. Rf3 Kf7 37. Qa4 *

[Event "FIDE WYCC Open U18 2023"]
[Site "Montesilvano"]
[Date "2023.11.18"]
[Round "6.29"]
[White "Prisacaru, Stefan-Emilian"]
[Black "Manish Anto Cristiano F"]
[Result "*"]
[ECO "D02"]
[WhiteElo "2148"]
[BlackElo "2366"]
[Annotator "ChessBase"]
[PlyCount "86"]
[EventDate "2023.11.13"]
[EventType "swiss"]
[EventCountry "ITA"]
[SourceTitle "playchess.com"]
[Source "ChessBase"]
[SourceQuality "1"]
[TimeControl "40/5400+30:1800+30"]

1. d4 Nf6 2. Bf4 d5 3. Nf3 c5 4. e3 Nc6 5. Nbd2 Nh5 6. dxc5 Nxf4 7. exf4 e6 8. Nb3 Qf6 9. Qc1 Be7 10. c3 O-O 11. Qe3 Bd7 12. Bd3 Rfc8 13. O-O Be8 14. Ne5 Qh6 15. Rae1 Nxe5 16. fxe5 Qxe3 17. Rxe3 Bxc5 18. Nxc5 Rxc5 19. f4 Bb5 20. Rd1 Bxd3 21. Rdxd3 Rc4 22. Rd4 Rxd4 23. cxd4 Rc8 24. Kf2 Rc4 25. Rb3 b6 26. Ke3 Rc2 27. Kf3 g6 28. Ra3 Rxb2 29. Rxa7 Rd2 30. Ra4 Rb2 31. a3 Rc2 32. Rb4 Rc3+ 33. Ke2 Rxa3 34. Rxb6 Ra4 35. Ke3 Ra2 36. Kf3 Rd2 37. Rb4 Kg7 38. Ra4 h6 39. h4 g5 40. hxg5 hxg5 41. g3 Kg6 42. Kg4 gxf4 43. gxf4 Rd1 *

[Event "FIDE WYCC Open U18 2023"]
[Site "Montesilvano"]
[Date "2023.11.18"]
[Round "6.30"]
[White "Frank, Adam"]
[Black "Pozzari, Simone"]
[Result "1/2-1/2"]
[ECO "B97"]
[WhiteElo "2330"]
[BlackElo "2186"]
[Annotator "RC"]
[PlyCount "87"]
[EventDate "2023.11.13"]
[EventType "swiss"]
[EventCountry "ITA"]
[SourceTitle "playchess.com"]
[Source "ChessBase"]
[SourceQuality "1"]
[TimeControl "40/5400+30:1800+30"]

1. e4 c5 2. Nf3 d6 3. d4 cxd4 4. Nxd4 Nf6 5. Nc3 a6 6. Bg5 e6 7. f4 Qb6 8. a3 Be7 9. Qd2 h6 10. Bxf6 Bxf6 11. O-O-O O-O 12. g4 e5 13. g5 Qxd4 14. Qe1 Qxd1+ 15. Qxd1 hxg5 16. Nd5 Bd8 17. fxg5 Bxg5+ 18. Kb1 Nc6 19. h4 Bh6 20. Nb6 Rb8 21. Bc4 Be3 22. Nd5 Bh6 23. Rg1 b5 24. Nf6+ Kh8 25. Qxd6 Rd8 26. Qxc6 bxc4 27. Nd5 Bb7 28. Qxc4 f5 29. Ne7 Bxe4 30. Qc7 Kh7 31. Qxe5 Rb5 32. Qe6 Rc5 33. Ka1 Rxc2 34. Nxf5 Rg2 35. Rh1 Bd5 36. Qb6 Rd2 37. Rc1 Rc8 38. Rg1 Rdc2 39. b4 Ra2+ 40. Kb1 Rcc2 41. Qg6+ Kh8 42. Qe8+ Bg8 43. Qe5 Re2 44. Qc3 1/2-1/2

[Event "FIDE WYCC Open U18 2023"]
[Site "Montesilvano"]
[Date "2023.11.18"]
[Round "6.31"]
[White "Miazhynski, Michael"]
[Black "Goroshkov, Maksym"]
[Result "*"]
[ECO "C91"]
[WhiteElo "2109"]
[BlackElo "2303"]
[Annotator "RC"]
[PlyCount "63"]
[EventDate "2023.11.13"]
[EventType "swiss"]
[EventCountry "ITA"]
[SourceTitle "playchess.com"]
[Source "ChessBase"]
[SourceQuality "1"]
[TimeControl "40/5400+30:1800+30"]

1. e4 e5 2. Nf3 Nc6 3. Bb5 a6 4. Ba4 Nf6 5. O-O Be7 6. Re1 b5 7. Bb3 O-O 8. d4 d6 9. c3 Bg4 10. Be3 Bh5 11. h3 exd4 12. cxd4 Na5 13. Bc2 Bg6 14. Nbd2 c5 15. Nh4 Nc6 16. Nxg6 hxg6 17. Nf3 cxd4 18. Nxd4 Ne5 19. b3 Rc8 20. Qd2 d5 21. Bf4 Bd6 22. exd5 Qc7 23. Be4 Nf3+ 24. Bxf3 Bxf4 25. Qd3 Rfd8 26. Ne2 Be5 27. Rad1 Qa5 28. Rd2 Bc3 29. Nxc3 Rxc3 30. Qd4 Rxf3 31. b4 Qa3 32. gxf3 *